 Dungeon Crawl Stone Soup version 0.30.1-4-g462c640d31 (webtiles) character file.

Game seed: 5857029396942321905

190 lonewolfV2 the Trooper (level 5, -2/34 HPs)
             Began as a Gargoyle Berserker on Aug 24, 2023.
             Was a Follower of Trog.
             Slain by an orc wizard
             ... wielding a +0 dagger
              (4 damage)
             ... on level 3 of the Dungeon.
             The game lasted 00:03:05 (1916 turns).

lonewolfV2 the Trooper (Gargoyle Berserker)         Turns: 1916, Time: 00:03:07

Health: -2/34      AC:  6    Str: 21    XL:     5   Next: 69%
Magic:  5/5        EV: 12    Int:  7    God:    Trog [*.....]
Gold:   124        SH:  0    Dex: 11    Spells: 4/4 levels left

rFire   . . .        a - +0 hand axe
rCold   . . .        (no shield)
rNeg    + . .        b - +0 animal skin
rPois   ∞            (no helmet)
rElec   +            (no cloak)
rCorr   .            (no gloves)
SInv    .            (no boots)
Will    ++...        (no amulet)
Stlth   +            (no ring)
HPRegen 1.25/turn    (no ring)
MPRegen 0.09/turn

%: no passive effects
@: strong-willed, regenerating
A: sickness immunity, AC +4, negative energy resistance 1, electricity
resistance, torment resistance 1, petrification resistance
a: Renounce Religion, Berserk


You were on level 3 of the Dungeon.
You worshipped Trog.
Trog was aware of your devotion.
You visited 1 branch of the dungeon, and saw 3 of its levels.

You collected 124 gold pieces.

Inventory:

Hand Weapons
 a - a +0 hand axe (weapon)
Armour
 b - a +0 animal skin (worn)
Jewellery
 d - an amulet of reflection
Potions
 c - a potion of curing
 e - a potion of degeneration
 f - a potion of might {unknown}
 h - a potion of resistance


   Skills:
 + Level 4.4 Fighting
 + Level 4.3 Axes
 + Level 2.3 Armour
 + Level 2.4 Dodging
 + Level 1.1 Stealth


You had 4 spell levels left.
You didn't know any spells.
Your spell library was empty.

Dungeon Overview and Level Annotations

Branches:
Dungeon (3/15)

Altars:

Shops:
D:2 (   D:3 *


Innate Abilities, Weirdness & Mutations

You are immune to sickness and miasma.
Your stone body is resilient. (AC +4)
You are immune to poison.
You resist negative energy. (rN+)
You are resistant to electric shocks. (rElec)
You are resistant to unholy torment.
You are immune to petrification.


Message History

You closely miss something. x2; You hit the orc.
You kill the orc!
Trog accepts your kill. Something hits you but does no damage.
You hear some strange, mumbled words.
A puff of flame appears from out of thin air!
The puff of flame hits you.
You hear some strange, mumbled words.
A magic dart appears from out of thin air!
The magic dart hits you.
* * * LOW HITPOINT WARNING * * *
Something completely misses you.
You closely miss something. x2; Something hits you but does no damage.
You hear some strange, mumbled words.
You are confused.
You feel better. Something hits you but does no damage. Something hits you.
You aren't carrying any scrolls.
Your skin crawls.
You feel strong-willed. Something hits you.
You hear some strange, mumbled words.
A magic dart appears from out of thin air!
The magic dart hits you.
* * * LOW HITPOINT WARNING * * *
You closely miss something. You miss something. Something hits you.
* * * LOW HITPOINT WARNING * * *
Something hits you but does no damage.
You hit something. You miss something. Something hits you.
* * * LOW HITPOINT WARNING * * *
You hear some strange, mumbled words.
A puff of flame appears from out of thin air!
The puff of flame hits you.
* * * LOW HITPOINT WARNING * * *
Your skin crawls.
You feel strong-willed.
You can no longer call upon Trog for regeneration and willpower.
Something hits you.
* * * LOW HITPOINT WARNING * * *
Something hits you.
You die...

## #####.###
+....... #.....#
#{{)..# ####@###
#......# #......##
#.### #.......#
####..... ####....#
#........ #....#
#........ #.. .#
#.#### #.......# #..
.# #.# #....... #..
..#####.########...#


There were no monsters in sight!

Vanquished Creatures
  A phantom (D:3)
  3 gnolls
  3 adders
  A worm (D:3)
  2 orcs (D:3)
  7 bats
  3 endoplasms
  3 giant cockroaches
  3 goblins
  7 hobgoblins
  2 quokkas (D:1)
  4 ball pythons
  3 frilled lizards
  3 kobolds (D:2)
  4 rats
49 creatures vanquished.

Notes
Turn   | Place    | Note
-------+----------+-------------------------------------------
     0 | D:1      | lonewolfV2 the Gargoyle Berserker began the quest for the
                  | Orb.
     0 | D:1      | Reached XP level 1. HP: 14/14 MP: 1/1
    45 | D:1      | Reached XP level 2. HP: 18/19 MP: 2/2
   347 | D:1      | Reached XP level 3. HP: 24/24 MP: 3/3
   627 | D:2      | Reached XP level 4. HP: 19/29 MP: 4/4
   790 | D:2      | Found Zifoon's Weapon Shop.
  1081 | D:2      | Found a faded altar of an unknown god.
  1343 | D:3      | Noticed a phantom
  1369 | D:3      | Killed a phantom
  1370 | D:3      | Reached skill level 1 in Stealth
  1370 | D:3      | Reached XP level 5. HP: 20/34 MP: 5/5
  1735 | D:3      | Found Apilelid's Assorted Antiques.
  1797 | D:3      | Reached ** piety under Trog
  1916 | D:3      | Slain by an orc wizard

Illustrated notes

Levels and vault maps discovered:
D:1:      reono_arrival_forest_river, layout_rooms
D:2:      layout_basic, shapermc_ecumenical_altar_mp_vishouse, serial_shops,
          nicolae_shop_bloodbath_and_beyond, nicolae_grassy_gnolls
D:3:      layout_basic, gammafunk_temple_overflow_elements, serial_shops,
          nicolae_diamond_shop, dk_noncrumbling_3, grunt_decor_fettered,
          solitary_fountain, chequers_serial_rivers_micro_d, solitary_fountain

Skill      XL: |  1  2  3  4 |
---------------+-------------+-----
Axes           | 3 4 |  4.3
Fighting       | 4 |  4.4
Dodging        | 2 |  2.4
Stealth        | 1 |  1.1
Armour         | |  2.3

Action                     |  1- 3 |  4- 6 || total
---------------------------+-------+-------++-------
  Melee: Hand axe          |    72 |   103 ||   175
         Punch             |     1 |     1 ||     2
 Invoke: Trog's Hand       |       |     2 ||     2
    Use: Scroll            |       |     5 ||     5
         Potion            |       |     1 ||     1
   Stab: Sleeping          |     1 |     1 ||     2
 Armour: Animal skin       |    23 |    49 ||    72
  Dodge: Dodged            |    56 |    74 ||   130
